 Dungeon Crawl Stone Soup version 0.30-a0-920-g7493c07aab (webtiles) character file.

Game seed: 929781909893147339

3015 qeuew the Carver (level 9, 0/69 (71) HPs)
             Began as a Merfolk Gladiator on Mar 21, 2023.
             Succumbed to a gnoll sergeant's poison
             ... on level 6 of the Dungeon.
             The game lasted 00:08:05 (4347 turns).

qeuew the Carver (Merfolk Gladiator)                Turns: 4347, Time: 00:08:06

HP:   0/69 (71)     AC:  7    Str: 14      XL:     9   Next: 85%
MP:   9/9           EV: 16    Int:  8      God:
Gold: 136           SH:  0    Dex: 15 (19) Spells: 8/8 levels left

rFire   . . .      SeeInvis .    a - +0 long sword
rCold   . . .      Faith    .    (no shield)
rNeg    . . .      Spirit   .    e - +1 troll leather armour {Pargi}
rPois   .          Reflect  .    c - +0 helmet
rElec   .          Rampage  .    h - scarf {repulsion}
rCorr   .                        (no gloves)
Will    +....                    (no boots)
Stlth   +                        n - amulet of regeneration
HPRegen 1.91/turn                v - ring of willpower
MPRegen 0.11/turn                (no ring)

@: lethally poisoned (0 -> -2), lightly drained, repel missiles
A: (nimble swimmer 2), mertail
a: no special abilities


You were on level 6 of the Dungeon.
You visited 1 branch of the dungeon, and saw 6 of its levels.

You collected 241 gold pieces.
You spent 105 gold pieces at shops.

Inventory:

Hand Weapons
 a - a +0 long sword (weapon)
Missiles
 b - a javelin
 d - a throwing net (quivered)
Armour
 c - a +0 helmet (worn)
 e - a +1 troll leather armour (worn) {Pargi}
 h - a scarf of repulsion (worn)
Jewellery
 j - an amulet of guardian spirit
 n - an amulet of regeneration (around neck)
 v - a ring of willpower (left hand)
Wands
 g - a wand of polymorph (7)
 k - a wand of iceblast (9)
 s - a wand of paralysis (7)
 w - a wand of quicksilver (2)
Scrolls
 f - 2 scrolls of teleportation
 m - a scroll of blinking
 o - a scroll of amnesia
 p - a scroll of fog
 y - a scroll of silence
Potions
 i - 2 potions of flight
 l - a potion of curing
 q - a potion of heal wounds
 r - a potion of berserk rage
 t - a potion of ambrosia
 x - a potion of brilliance


   Skills:
 + Level 6.9 Fighting
 * Level 10.9 Long Blades
 + Level 6.3 Throwing
 + Level 4.5 Armour
 + Level 8.8 Dodging
 + Level 5.5 Evocations


You had 8 spell levels left.
You didn't know any spells.
Your spell library contained the following spells:

 Spells                   Type           Power      Damage    Failure   Level
 Apportation              Tloc           0%         N/A       47%         1
 Magic Dart               Conj           0%         1d3       47%         1
 Necrotise                Necr           0%         1d4       47%         1
 Shock                    Conj/Air       0%         1d3       47%         1
 Summon Small Mammal      Summ           0%         N/A       47%         1
 Call Imp                 Summ           0%         N/A       63%         2
 Sublimation of Blood     Necr           0%         N/A       63%         2
 Wereblood                Tmut           0%         N/A       63%         2
 Dazzling Flash           Conj/Hex       0%         N/A       85%         3
 Mephitic Cloud           Conj/Pois/Air  0%         N/A       85%         3
 Swiftness                Air            0%         N/A       85%         3
 Airstrike                Air            0%         2d(0-16)  99%         4
 Petrify                  Tmut/Erth      0%         N/A       99%         4
 Agony                    Necr           0%         N/A       100%        5
 Alistair's Intoxication  Tmut/Pois      0%         N/A       100%        5
 Metabolic Englaciation   Hex/Ice        0%         N/A       100%        5
 Silence                  Hex/Air        0%         N/A       100%        5
 Statue Form              Tmut/Erth      0%         N/A       100%        6
 Summon Hydra             Summ           0%         N/A       100%        7


Dungeon Overview and Level Annotations

Branches:
Dungeon (6/15)
 Temple: D:4-7

Altars:
Elyvilon
Trog
The Shining One

Shops:
D:5 *


Innate Abilities, Weirdness & Mutations

((You are very nimble when in or above water. (Stealth+, EV+, Speed+++)))
Your lower body shifts to a powerful aquatic tail in water.


Message History

The gnoll sergeant blocks your attack.
The gnoll sergeant is severely wounded.
You feel very sick.
The gnoll sergeant hits you with a +1 spear of venom.
You are more poisoned.
You closely miss the gnoll sergeant. Your punch misses the gnoll sergeant.
The gnoll sergeant is severely wounded.
You feel very sick.
The gnoll sergeant completely misses you.
You slash the gnoll sergeant!
The gnoll sergeant is almost dead.
You feel very sick. The gnoll sergeant closely misses you.
You closely miss the gnoll sergeant.
The gnoll sergeant is almost dead.
You feel very sick.
The gnoll sergeant hits you with a +1 spear of venom.
* * * LOW HITPOINT WARNING * * *
You are lethally poisoned!
You barely miss the gnoll sergeant.
The gnoll sergeant is almost dead.
* * * LOW HITPOINT WARNING * * *
You feel very sick. The gnoll sergeant misses you.
You hit the gnoll sergeant.
You kill the gnoll sergeant!
* * * LOW HITPOINT WARNING * * *
You feel very sick.
You slash the gnoll!
The gnoll is severely wounded.
* * * LOW HITPOINT WARNING * * *
You feel very sick. The gnoll closely misses you.
You completely miss the gnoll.
The gnoll is severely wounded.
* * * LOW HITPOINT WARNING * * *
You feel very sick.
You hit the gnoll.
The gnoll is almost dead.
You die...

###.... ....... .....".
.......
##################......[
#>....))@g.........g.....
#..########.#####........
####.### ##'#####........
#..††..# #......gg.####.#
#......### #.......#..#
#........# #.......##.#
#......#.# ##.###### ..#
#......#.####.# #...
#......#...##.#######
##..


You could see a gnoll.

Vanquished Creatures
  Pikel (D:5)
  Eustachio (D:5)
  2 water moccasins
  Pargi (D:3)
  A lemure (D:5)
  Blork the orc (D:5)
  A gnoll sergeant (D:6)
  A bullfrog (D:6)
  A scorpion (D:5)
  A wight (D:6)
  A jelly (D:5)
  Crazy Yiuf (D:5)
  An orc priest (D:4)
  A hound (D:6)
  Jessica (D:3)
  4 iguanas
  Natasha (thrice) (D:3)
  2 orc wizards
  3 adders
  3 gnolls (D:6)
  A white imp (D:5)
  2 dart slugs
  2 worms (D:2)
  11 orcs
  4 endoplasms
  2 giant cockroaches
  3 goblins
  6 hobgoblins
  4 jackals (D:4)
  8 quokkas
  5 ball pythons
  3 bats
  4 frilled lizards
  7 kobolds
  4 rats
97 creatures vanquished.

Notes
Turn   | Place    | Note
-------+----------+-------------------------------------------
     0 | D:1      | qeuew the Merfolk Gladiator began the quest for the Orb.
     0 | D:1      | Reached XP level 1. HP: 16/16 MP: 1/1
   195 | D:1      | Reached XP level 2. HP: 23/23 MP: 2/2
   654 | D:2      | Reached skill level 4 in Long Blades
   667 | D:2      | Reached XP level 3. HP: 25/28 MP: 3/3
  1187 | D:3      | Noticed Jessica
  1195 | D:3      | Killed Jessica
  1196 | D:3      | Reached skill level 1 in Armour
  1196 | D:3      | Reached XP level 4. HP: 16/34 MP: 4/4
  1335 | D:3      | Noticed Pargi
  1605 | D:3      | Noticed Natasha
  1608 | D:3      | Killed Natasha
  1609 | D:3      | Reached XP level 5. HP: 40/40 MP: 5/5
  1654 | D:3      | Killed Pargi
  1655 | D:3      | Reached skill level 5 in Long Blades
  1655 | D:3      | Reached skill level 1 in Evocations
  1655 | D:3      | Reached XP level 6. HP: 8/47 MP: 6/6
  1917 | D:3      | Noticed Natasha
  1923 | D:3      | Killed Natasha
  1924 | D:3      | Reached skill level 5 in Dodging
  1939 | D:3      | Noticed Natasha
  1968 | D:3      | Killed Natasha
  2466 | D:4      | Found a bloodstained altar of Trog.
  2472 | D:4      | Found a white marble altar of Elyvilon.
  2476 | D:4      | Found a glowing golden altar of the Shining One.
  2577 | D:4      | Noticed a water moccasin
  2587 | D:4      | Killed a water moccasin
  2588 | D:4      | Reached XP level 7. HP: 35/53 MP: 7/7
  2712 | D:4      | Identified the +10 flail of the Present {pain, rN+ Int+2}
  3113 | D:5      | Entered Level 5 of the Dungeon
  3138 | D:5      | Found Noocky's CLEARANCE SALE!.
  3148 | D:5      | Bought a potion of heal wounds for 35 gold pieces
  3148 | D:5      | Bought a potion of heal wounds for 35 gold pieces
  3148 | D:5      | Bought a potion of berserk rage for 35 gold pieces
  3170 | D:5      | Reached skill level 6 in Long Blades
  3207 | D:5      | Noticed Pikel
  3249 | D:5      | Killed Pikel
  3250 | D:5      | Reached skill level 7 in Long Blades
  3250 | D:5      | Reached XP level 8. HP: 22/61 MP: 8/8
  3388 | D:5      | Noticed Blork the orc
  3403 | D:5      | Killed Blork the orc
  3616 | D:5      | Noticed Eustachio
  3680 | D:5      | Killed Eustachio
  3957 | D:5      | Found a runed translucent door.
  3958 | D:5      | Noticed Crazy Yiuf
  3967 | D:5      | Killed Crazy Yiuf
  3977 | D:5      | Reached skill level 10 in Long Blades
  3977 | D:5      | Reached skill level 5 in Evocations
  3977 | D:5      | Reached XP level 9. HP: 71/71 MP: 9/9
  4186 | D:6      | HP: 2/65 [wight/+0 morningstar (14)]
  4345 | D:6      | HP: 3/69 [poisoned by a gnoll sergeant]
  4347 | D:6      | Succumbed to a gnoll sergeant's poison

Illustrated notes

Levels and vault maps discovered:
D:1:      eino_arrival_cavern_a, layout_basic, grunt_decor_clamped,
          minmay_crystal_water
D:2:      layout_rooms
D:3:      layout_loops_ring, minmay_puff, uniq_natasha, uniq_jessica, uniq_pargi
D:4:      layout_loops_cross, minmay_overflow_temple_star_quad,
          kennysheep_cluttered_room
D:5:      layout_loops_ring, nicolae_shop_clearance, uniq_eustachio, uniq_pikel,
          uniq_blork_the_orc, uniq_crazy_yiuf_cottage
D:6:      layout_basic, mainiacjoe_overflow_boulevard,
          minmay_temple_entry_glassed_door, uniq_menkaure

Skill      XL: |  1  2  3  4  5  6  7  8 |
---------------+-------------------------+-----
Long Blades    | 4 5 7 10 | 10.9
Armour         | 1 2 4 |  4.5
Fighting       | 3 4 6 |  6.9
Evocations     | 1 2 5 |  5.5
Throwing       | 3 6 |  6.3
Dodging        | 5 6 8 |  8.8

Action                     |  1- 3 |  4- 6 |  7- 9 || total
---------------------------+-------+-------+-------++-------
  Melee: Long sword        |    66 |   153 |   250 ||   469
         Punch             |     1 |     1 |     5 ||     7
  Throw: Throwing net      |       |     3 |       ||     3
         Javelin           |       |     1 |       ||     1
    Use: Scroll            |     4 |     4 |     8 ||    16
         Potion            |     4 |       |     2 ||     6
   Stab: Sleeping          |     1 |       |     1 ||     2
         Held in net/web   |       |     1 |       ||     1
         Distracted        |       |       |     1 ||     1
 Armour: Leather armour    |    18 |    13 |       ||    31
         Troll leather arm |       |    34 |    88 ||   122
  Dodge: Dodged            |    42 |   137 |   299 ||   478
         Repelled          |       |     1 |     1 ||     2

Table legend: (Time is in decaauts)
 A = Elapsed time spent in this place.
 B = Non-inter-level travel time spent in this place.
 C = Inter-level travel time spent in this place.
 D = Time resting spent in this place.
 E = Time spent auto-exploring this place.
 F = Levels seen in this place.
 G = Mean time per level.
                   A        B        C        D        E       F      G
               +--------+--------+--------+--------+--------+-----+--------+
         Total |   4357 |   4182 |    175 |    100 |   3073 |   6 |  726.2 |
       Dungeon |   4357 |   4182 |    175 |    100 |   3073 |   6 |  726.2 |
               +--------+--------+--------+--------+--------+-----+--------+

Top non-repeatable levels by time:
     D:3: 1158 daAuts
     D:5: 917 daAuts
     D:4: 805 daAuts
     D:1: 653 daAuts
     D:2: 509 daAuts
     D:6: 314 daAuts
